 Dungeon Crawl Stone Soup version 0.27.1-15-g792fb953b9 (webtiles) character file.

Game seed: 9089241350145248688

334399 ddubois the Spry (level 20, -2/111 (112) HPs)
             Began as a Spriggan Delver on Nov 17, 2021.
             Was a Priest of Okawaru.
             Killed from afar by a fire giant (22 damage)
             ... with a bolt of fire
             ... on level 2 of the Depths on Nov 19, 2021.
             The game lasted 07:50:28 (98027 turns).

ddubois the Spry (Spriggan Delver)                 Turns: 98027, Time: 07:50:28

HP:   -2/111 (112)  AC: 17    Str:  8    XL:     20   Next: 94%
MP:   10/35         EV: 30    Int: 21    God:    Okawaru [***...]
Gold: 3084          SH: 11    Dex: 16    Spells: 4/39 levels left

rFire    + . .     SeeInvis +   a - +4 demon blade (vamp)
rCold    x . .     Faith    .   l - +3 warlock's mirror {reflect}
rNeg     . . .     Spirit   .   j - +2 swamp dragon scales
rPois    +         Reflect  +   m - +2 hat
rElec    .         Harm     .   t - +2 cloak {rCorr}
rCorr    +         Rampage  .   (gloves unavailable)
Will     +++..                  (boots unavailable)
Stlth    +++++.....             R - amulet of the acrobat
HPRegen  0.28/turn              n - +4 ring of evasion
MPRegen  0.24/turn              x - ring of fire

@: lightly drained, very quick
A: very small, no large weapons, unfitting armour, see invisible, speed 3,
passive freeze, subdued magic 1
}: 2/15 runes: decaying, gossamer
a: Renounce Religion, Heroism


You were on level 2 of the Depths.
You worshipped Okawaru.
Okawaru was most pleased with you.
You visited 11 branches of the dungeon, and saw 40 of its levels.
You also visited: Trove, Sewer and Ossuary.

You collected 4865 gold pieces.
You spent 1781 gold pieces at shops.

Inventory:

Hand Weapons
 a - a +4 vampiric demon blade (weapon)
 b - a +2 fustibalus of freezing
 w - a +9 rapier of speed
Missiles
 o - 125 poisoned darts
 H - 173 sling bullets
 J - 14 atropa-tipped darts
 K - 7 curare-tipped darts (quivered)
 Y - a throwing net
Armour
 j - +2 swamp dragon scales (worn)
 l - the +3 warlock's mirror (worn) {reflect}
   (You bought it in a shop on level 10 of the Dungeon)

   It can block and reflect piercing ranged attacks and magical attacks against
   the wielder's willpower.
 m - a +2 hat (worn)
 t - a +2 cloak of preservation (worn)
Jewellery
 c - a ring of protection from cold
 n - a +4 ring of evasion (left hand)
 x - a ring of fire (right hand)
 D - a ring of flight
 N - a +4 ring of evasion
 R - an amulet of the acrobat (around neck)
Wands
 q - a wand of paralysis (14)
 v - a wand of iceblast (13)
 y - a wand of flame (94)
 G - a wand of mindburst (29)
 O - a wand of acid (14)
 Q - a wand of polymorph (30)
Scrolls
 d - a scroll of holy word
 e - 10 scrolls of fear
 h - 12 scrolls of teleportation
 r - 9 scrolls of identify
 u - 6 scrolls of blinking
 E - 2 scrolls of fog
 I - 2 scrolls of enchant armour
 M - 6 scrolls of magic mapping
 V - 2 scrolls of silence
 X - a scroll of brand weapon
Potions
 f - 9 potions of curing
 g - a potion of cancellation
 i - 2 potions of haste
 k - 7 potions of invisibility
 s - 6 potions of heal wounds
 C - a potion of flight
 F - 4 potions of brilliance
 S - 6 potions of magic
 T - 6 potions of ambrosia
 Z - a potion of might
Miscellaneous
 p - a condenser vane
 P - a tin of tremorstones (2/2)


   Skills:
 + Level 14.7 Fighting
 - Level 14.0(14.2) Short Blades
 - Level 3.7(8.1) Long Blades
 + Level 10.8 Slings
 - Level 10.0 Armour
 - Level 20.1 Dodging
 - Level 15.0 Stealth
 - Level 7.2 Shields
 - Level 10.0 Spellcasting
 - Level 9.0 Conjurations
 - Level 7.0 Hexes
 - Level 6.0 Summonings
 - Level 13.0 Translocations
 - Level 5.0 Invocations
 - Level 12.0 Evocations


You had 4 spell levels left.
You knew the following spells:

 Your Spells              Type           Power      Damage    Failure   Level
a - Dazzling Flash        Conj/Hex       66%        N/A       1%          3
b - Iskenderun's Mystic   Conj/Tloc      43%        2d10      1%          4
c - Summon Forest         Summ/Tloc      19%        N/A       7%          5
d - Dispersal             Tloc           25%        N/A       10%         6
e - Apportation           Tloc           100%       N/A       1%          1
f - Portal Projectile     Hex/Tloc       80%        N/A       1%          3
g - Tukima's Dance        Hex            30%        N/A       1%          3
h - Blink                 Tloc           N/A        N/A       1%          2
i - Manifold Assault      Tloc           50%        N/A       1%          5
j - Confusing Touch       Hex            30%        N/A       1%          3

Your spell library contained the following spells:

 Spells                   Type           Power      Damage    Failure   Level
 Corona                   Hex            33%        N/A       1%          1
 Foxfire                  Conj/Fire      100%       2x1d9     1%          1
 Shock                    Conj/Air       88%        1d8       1%          1
 Summon Small Mammal      Summ           100%       N/A       1%          1
 Searing Ray              Conj           74%        3d6       1%          2
 Slow                     Hex            30%        N/A       1%          2
 Lesser Beckoning         Tloc           25%        N/A       1%          3
 Passage of Golubria      Tloc           N/A        N/A       1%          4
 Static Discharge         Conj/Air       22%        N/A       2%          2
 Ensorcelled Hibernation  Hex/Ice        38%        N/A       4%          2
 Stone Arrow              Conj/Erth      44%        3d9       6%          3
 Mephitic Cloud           Conj/Pois/Air  17%        N/A       12%         3
 Animate Skeleton         Necr           16%        N/A       13%         1
 Freeze                   Ice            32%        1d5       13%         1
 Poisonous Vapours        Pois/Air       16%        N/A       21%         2
 Sublimation of Blood     Necr           4%         N/A       21%         2
 Hailstorm                Conj/Ice       22%        3d7       21%         4
 Sticky Flame             Conj/Fire      33%        2d5       21%         4
 Ignite Poison            Fire/Tmut/Pois 12%        N/A       38%         3
 Vampiric Draining        Necr           4%         2d6       38%         3
 Dispel Undead            Necr           8%         3d8       80%         4
 Ice Form                 Ice/Tmut       8%         N/A       80%         4
 Olgreb's Toxic Radiance  Pois           8%         N/A       80%         4
 Petrify                  Tmut/Erth      8%         N/A       80%         4
 Iskenderun's Battlesphe  Conj           37%        2d9       9%          5
 Fireball                 Conj/Fire      16%        3d8       52%         5
 Irradiate                Conj/Tmut      11%        3d17      52%         5
 Lightning Bolt           Conj/Air       11%        1d24      52%         5
 Metabolic Englaciation   Hex/Ice        9%         N/A       67%         5
 Silence                  Hex/Air        9%         N/A       67%         5
 Bolt of Magma            Conj/Fire/Erth 13%        4d8       73%         5
 Orb of Destruction       Conj           18%        9d8       96%         7
 Conjure Ball Lightning   Conj/Air       11%        3x3d6     98%         6
 Starburst                Conj/Fire      16%        6d6       98%         6
 Blade Hands              Tmut           4%         N/A       99%         5
 Excruciating Wounds      Necr           4%         N/A       99%         5
 Disjunction              Tloc           25%        N/A       99%         8
 Death Channel            Necr           4%         N/A       100%        6
 Eringya's Noxious Bog    Tmut/Pois      4%         N/A       100%        6
 Statue Form              Tmut/Erth      5%         N/A       100%        6
 Dragon Form              Tmut           4%         N/A       100%        7
 Storm Form               Tmut/Air       4%         N/A       100%        7
 Summon Hydra             Summ           13%        N/A       100%        7
 Borgnjor's Revivificati  Necr           4%         N/A       100%        8
 Lehudib's Crystal Spear  Conj/Erth      11%        10d4      100%        8
 Maxwell's Capacitive Co  Air            4%         ∞         100%        8
 Chain Lightning          Conj/Air       11%        3d14      100%        9


Dungeon Overview and Level Annotations

Branches:
Dungeon (15/15)            Temple (1/1) D:4            Lair (6/6) D:10
  Swamp (4/4) Lair:4       Spider (4/4) Lair:3        Slime (1/5) Lair:6
    Orc (2/2) D:9             Elf (0/3) Orc:2        Vaults (3/5) D:14
  Crypt (1/3) Vaults:3     Depths (2/5) D:15           Hell (visited)
  Sewer (visited)         Ossuary (visited)
    Dis: Hell:1         Geh: Hell:1         Coc: Hell:1         Tar: Hell:1

Altars:
Ashenzari
Cheibriados
Dithmenos
Elyvilon
Fedhas
Gozag
Hepliaklqana
Kikubaaqudgha
Makhleb
Nemelex Xobeh
Okawaru
Qazlal
Ru
Sif Muna
Trog
Uskayaw
Vehumet
Wu Jian
Xom
Yredelemnul
Zin
The Shining One

Shops:
D:8 ?*   D:10 [   D:13 (   Orc:1 ((=   Orc:2 (*!:(   Vaults:1 =

Portals:
Hell: Depths:1
Pandemonium: Depths:1

Annotations:
Vaults:3 3 runed translucent doors, Sianeop's ghost, adept GrFi


Innate Abilities, Weirdness & Mutations

You are very small and have problems with some larger weapons.
You are too small for most types of armour.
You have supernaturally acute eyesight. (SInv)
You cover ground extremely quickly. (Speed+++)
A frigid envelope surrounds you and freezes all who hurt you.
Your spells are a little easier to cast, but a little less powerful.


Message History

The mystic blast hits the fire giant!
The fire giant is heavily wounded.
The fire giant is knocked back by the mystic blast.
Unknown command.
Unknown command.
Casting: Iskenderun's Mystic Blast (mildly dangerous; 1% risk of failure)
Confirm with . or Enter, or press ? or * to list all spells.
You erupt in a blast of force!
The mystic blast hits the fire giant!
The fire giant is heavily wounded.
The fire giant is knocked back by the mystic blast.
Casting: Iskenderun's Mystic Blast (mildly dangerous; 1% risk of failure)
Confirm with . or Enter, or press ? or * to list all spells.
Space momentarily warps into an impossible shape!
You hit the hell knight but do no damage.
You hit the fire giant but do no damage.
Casting: Manifold Assault (mildly dangerous; 1% risk of failure)
Confirm with . or Enter, or press ? or * to list all spells.
You erupt in a blast of force!
The mystic blast hits the hell knight!
The hell knight is severely wounded.
The hell knight is knocked back by the mystic blast.
The hell knight slams into the stone wall!
The mystic blast hits the fire giant!
The fire giant is heavily wounded.
The fire giant gestures at you while chanting.
The bolt of fire hits you!! You resist.
Casting: Iskenderun's Mystic Blast (mildly dangerous; 1% risk of failure)
Confirm with . or Enter, or press ? or * to list all spells.
Space momentarily warps into an impossible shape!
You barely miss the hell knight. You slash the fire giant!
You feel better.
The hell knight mumbles some strange words.
The hell knight blinks!
The fire giant points at you and mumbles some strange words.
The fireball explodes!
The fireball engulfs you!! You resist.
* * * LOW HITPOINT WARNING * * *
The fireball engulfs the hell knight.
The hell knight completely resists.
The hell knight gestures at you while chanting.
The bolt of fire misses you.
The fire giant gestures at you while chanting.
The bolt of fire hits you!! You resist.
You die...

#...##.........
##..#....#####..
##...#....# ..
#...#.....# ...
######...#....##
##......##....##
#.....##......#
#...##........###
#..#...@.C.......
#..#.#)p.....###
. #..........#
#..........#
.....#.§.###.#
########...#.#
#..##...#
#.(..##..# #..((.
.###


You could see a fire giant and a hell knight.

Vanquished Creatures
  Sojobo (Vaults:2)
  Jorgrun (D:13)
  Rupert (D:12)
  A sphinx (Vaults:3)
  Gastronok (D:12)
  2 tengu reavers (Vaults:3)
  4 thorn hunters
  Roxanne (Swamp:1)
  Donald (Vaults:1)
  A frost giant (Vaults:2)
  A fenstrider witch (Swamp:3)
  6 vault wardens
  6 ghost moths
  2 ghouls
  7 emperor scorpions
  9 ironbound preservers
  5 very ugly things
  3 reapers
  5 stone giants
  4 vampire knights
  Azrael (Spider:3)
  A minotaur (Lair:1)
  4 entropy weavers
  5 bunyips
  5 spark wasps
  2 dire elephants (Vaults:2)
  A merfolk javelineer (Depths:1)
  2 ettins
  Josephine (D:10)
  An eleionoma (shapeshifter) (D:12)
  7 eleionomae
  A jiangshi (Vaults:3)
  4 fire dragons
  A merfolk impaler (Depths:1)
  A deep elf high priest (Vaults:1)
  Snorg (D:11)
  The ghost of DemonSlayer the Severer, a journeyman HOBe of Trog (Lair:1)
  The ghost of illway the Cleaver, a journeyman MiBe of Trog (D:11)
  3 yaktaur captains
  A kraken zombie (Hell)
  4 great orbs of eyes
  4 shambling mangroves
  5 boulder beetles
  A rakshasa (D:15)
  9 ironbound thunderhulks
  2 ice dragons
  A vault guard (Vaults:2)
  30 hydras
  A hell beast (Depths:1)
  5 ogre magi
  7 alligators
  Erica (D:10)
  2 ironbound frosthearts
  A ghost crab (Swamp:2)
  4 catoblepae (Lair:6)
  5 centaur warriors
  20 two-headed ogres
  A hell hog (Depths:1)
  A deep troll earth mage (Depths:1)
  6 death yaks
  3 ironbound beastmasters
  2 tengu warriors
  Sonja (D:11)
  Urug (Orc:2)
  A sun demon (Hell)
  A skeletal warrior (Vaults:3)
  3 soul eaters
  4 hell knights (Depths:1)
  2 sea snakes (shapeshifter)
  An iron troll (Depths:1)
  5 goliath frogs
  An anaconda zombie (Hell)
  6 wizards
  2 glowing orange brains
  3 spriggan druids
  21 deep trolls
  Pikel (D:6)
  10 bog bodies
  12 swamp dragons
  8 ironbound convokers
  11 orb spiders
  7 deep elf pyromancers
  4 lindwurms
  4 orc knights
  5 necromancers
  32 wolf spiders
  A tengu skeleton (Vaults:2)
  A deep elf zephyrmancer (D:12)
  An oklob plant (Swamp:3)
  28 ugly things
  7 manticores
  6 will-o-the-wisps
  6 cyclopes
  A moth of wrath (Spider:4)
  5 black mambas
  24 elephants
  A rust devil (Hell)
  14 vault sentinels
  A human skeleton (Vaults:2)
  3 molten gargoyles (Hell)
  A smoke demon (Hell)
  Maggie (D:7)
  A storm dragon simulacrum (Vaults:2)
  18 cane toads
  Psyche (D:12)
  4 rime drakes
  A komodo dragon (shapeshifter) (D:13)
  29 yaktaurs
  A freezing wraith (Hell)
  2 efreet
  An ice devil (Depths:1)
  3 tengu conjurers
  11 komodo dragons
  A guardian mummy (D:12)
  10 demonic crawlers
  A sea snake zombie (Hell)
  A queen bee (D:9)
  A hydra zombie (Swamp:1)
  8 trolls
  A troll (shapeshifter) (D:13)
  A jumping spider (shapeshifter) (D:14)
  32 jumping spiders
  2 polar bears
  Prince Ribbit (D:6)
  4 tyrant leeches
  42 slime creatures
  19 hornets
  24 blink frogs
  A hornet (shapeshifter) (D:14)
  2 alligator zombies (Hell)
  7 dream sheep (Lair:4)
  A human simulacrum (Vaults:2)
  An alligator skeleton (Hell)
  22 tarantellas
  11 water elementals
  58 redbacks
  15 spriggans
  2 fire elementals
  3 vampires (Vaults:3)
  9 wyverns
  8 wraiths
  2 shadows
  Eustachio (D:6)
  68 yaks
  3 steam dragons
  2 basilisks
  A sea snake simulacrum (Hell)
  12 vampire mosquitoes
  Menkaure (D:6)
  2 wargs (Orc:2)
  15 swamp worms
  Edmund (D:4)
  2 acid dragons
  An acid dragon (shapeshifter) (Vaults:3)
  8 water moccasins
  3 hell hounds (Spider:3)
  8 swamp drakes
  11 orc warriors
  2 black bears
  4 sky beasts (D:7)
  An alligator simulacrum (Hell)
  6 necrophages
  23 ogres
  6 wolves
  2 lemures (D:6)
  15 centaurs
  An elf zombie (Ossuary)
  A kobold brigand (Sewer)
  13 bullfrogs
  3 nameless horrors
  A scorpion (shapeshifter) (D:15)
  2 gnoll sergeants
  8 scorpions
  A wyvern skeleton (D:7)
  15 killer bees
  3 wights (D:4)
  A howler monkey (D:12)
  10 electric eels
  A howler monkey (shapeshifter) (D:14)
  4 centaur zombies
  5 hounds
  2 bullfrog zombies
  A gnoll shaman (D:8)
  Crazy Yiuf (D:5)
  A centaur skeleton (D:7)
  3 human zombies
  10 orc priests
  2 jellies
  An iguana (Lair:4)
  Terence (D:2)
  13 orc wizards
  3 yak simulacra (Lair:2)
  4 polar bear simulacra (Lair:2)
  2 killer bee zombies (D:6)
  2 wolf simulacra (Lair:2)
  An acid dragon skeleton (Crypt:1)
  A hound zombie (D:4)
  4 mummies
  A howler monkey zombie (D:4)
  10 gnolls
  7 adders
  A howler monkey skeleton (D:7)
  3 river rats (Sewer)
  A shadow imp (D:5)
  2 white imps
  2 ufetubi
  4 adder skeletons (D:4)
  3 adder zombies
  2 worms
  2 dart slugs (D:2)
  44 orcs
  4 bats (D:1)
  7 endoplasms
  7 giant cockroaches
  9 goblins
  10 hobgoblins
  A jackal (Sewer)
  3 quokkas
  7 ball pythons
  6 frilled lizards
  A goblin zombie (Ossuary)
  14 hobgoblin zombies
  2 jackal zombies (Ossuary)
  6 kobolds
  10 kobold zombies
  7 orc zombies (Ossuary)
  13 rats
  2 river rat simulacra (Lair:2)
  2 briar patches
1342 creatures vanquished.

Vanquished Creatures (collateral kills)
  Nikola (Depths:2)
  Geryon (Hell)
  Arachne (Spider:3)
  2 thorn hunters (Swamp:3)
  An orc warlord (Vaults:2)
  A lorocyproca (Hell)
  A bunyip (Swamp:2)
  3 blizzard demons (Hell)
  A great orb of eyes (shapeshifter) (D:15)
  A shambling mangrove (Swamp:3)
  A hydra (Swamp:4)
  A vault guard (Vaults:2)
  2 ice dragons (Hell)
  A ghost crab (Swamp:3)
  2 alligators (Swamp:4)
  A death yak (Lair:5)
  A spriggan berserker (Depths:2)
  A sun demon (Hell)
  2 deep trolls
  A spriggan druid (Swamp:4)
  2 swamp dragons (Swamp:4)
  2 orc knights (Vaults:2)
  An ironbound convoker (Vaults:2)
  An orb spider (Spider:2)
  3 deep elf pyromancers (D:12)
  2 deep elf zephyrmancers (D:12)
  An oklob plant (Swamp:3)
  6 ugly things
  3 rust devils (Hell)
  A will-o-the-wisp (Swamp:4)
  A frost giant skeleton (Hell)
  A vault sentinel (Vaults:2)
  A molten gargoyle (Hell)
  A hellion (Hell)
  2 yaktaurs (Vaults:2)
  An ice devil (Hell)
  A freezing wraith (Hell)
  A jumping spider (Spider:3)
  5 hornets
  5 slime creatures
  A tyrant leech (Swamp:3)
  A centaur simulacrum (D:15)
  An ice dragon skeleton (Hell)
  3 redbacks (Spider:4)
  3 spriggans (Swamp:3)
  A yak (Lair:3)
  A neqoxec (Depths:1)
  A swamp worm (Swamp:2)
  A hell hound (Spider:3)
  3 swamp drakes (Swamp:4)
  An ettin simulacrum (Hell)
  2 centaurs (D:15)
  A tengu zombie (Hell)
  60 briar patches
147 creatures vanquished.

Vanquished Creatures (others)
  A centaur zombie (D:11)
  A bloated husk (Swamp:3)
  2 jumping spiders (Spider:3)
  A blink frog (shapeshifter) (D:14)
  2 tarantellas
  A dancing weapon (Depths:2)
  A vampire mosquito (D:11)
  2 centaurs
  An orc wizard (D:6)
  3 briar patches (Swamp:3)
  20 foxfires
  52 fungi
  132 plants
  26 snaplasher vines
  27 tentacles (Hell)
272 creatures vanquished.

Grand Total: 1761 creatures vanquished

Notes
Turn   | Place    | Note
-------+----------+-------------------------------------------
     0 | D:5      | ddubois the Spriggan Delver began the quest for the Orb.
     0 | D:5      | Reached XP level 1. HP: 11/11 MP: 2/2
    31 | D:4      | Noticed a necrophage
    78 | D:3      | Found a glowing golden altar of the Shining One.
   481 | D:1      | Reached XP level 2. HP: 16/16 MP: 3/3
   489 | D:1      | Reached skill level 3 in Dodging
   653 | D:1      | Found a faded altar of an unknown god.
   658 | D:1      | Reached XP level 3. HP: 19/19 MP: 4/4
   709 | D:1      | Became a worshipper of Elyvilon the Healer
   709 | D:1      | Reached * piety under Elyvilon
  1491 | D:2      | Reached XP level 4. HP: 23/23 MP: 5/5
  1625 | D:2      | Found an iron altar of Okawaru.
  1750 | D:2      | Noticed Terence
  2537 | D:2      | Killed Terence
  2538 | D:2      | Reached skill level 1 in Shields
  2714 | D:3      | Noticed a scorpion
  2723 | D:3      | Killed a scorpion
  2724 | D:3      | Reached XP level 5. HP: 28/28 MP: 6/6
  2739 | D:3      | Reached skill level 4 in Dodging
  3053 | D:3      | Reached ** piety under Elyvilon
  3623 | D:4      | Found a white marble altar of Elyvilon.
  3630 | D:4      | Noticed Edmund
  3757 | D:4      | Reached XP level 6. HP: 30/32 MP: 7/7
  3761 | D:4      | Learned a level 3 spell: Dazzling Flash
  3878 | D:4      | Killed Edmund
  3879 | D:4      | Reached skill level 1 in Hexes
  4126 | D:4      | Found a staircase to the Ecumenical Temple.
  4647 | D:4      | Found a basalt altar of Yredelemnul.
  4759 | D:4      | Reached skill level 1 in Conjurations
  4759 | D:4      | Reached XP level 7. HP: 36/36 MP: 8/8
  4779 | D:4      | Reached skill level 5 in Dodging
  5117 | D:5      | Reached XP level 8. HP: 42/42 MP: 9/9
  5117 | D:5      | Reached *** piety under Elyvilon
  5587 | D:5      | Found an ornate altar of the Wu Jian Council.
  5832 | D:5      | Found a runed translucent door.
  5833 | D:5      | Noticed Crazy Yiuf
  6163 | D:5      | Found a sacrificial altar of Ru.
  6163 | D:5      | Found a radiant altar of Vehumet.
  6360 | D:5      | Killed Crazy Yiuf
  6615 | D:6      | Noticed Menkaure
  6619 | D:6      | Found a sand-covered staircase.
  6629 | Ossuary  | Entered an ossuary
  6939 | Ossuary  | Reached skill level 5 in Hexes
  7115 | D:6      | Found a glowing drain.
  7119 | Sewer    | Entered a sewer
  7258 | Sewer    | Reached **** piety under Elyvilon
  7309 | Sewer    | Found a white marble altar of Elyvilon.
  7364 | D:6      | Reached skill level 10 in Stealth
  7446 | D:6      | Noticed Prince Ribbit
  7452 | D:6      | Noticed Eustachio
  7462 | D:6      | Killed Eustachio
  7463 | D:6      | Reached XP level 9. HP: 45/45 MP: 10/10
  7581 | D:6      | Found an opulent altar of Gozag.
  7584 | D:6      | Found an opulent altar of Gozag.
  7730 | D:6      | Found an opulent altar of Gozag.
  7740 | D:6      | Found an opulent altar of Gozag.
  7932 | D:6      | Noticed Pikel
  8033 | D:6      | Killed Pikel
  8428 | D:5      | Learned a level 4 spell: Iskenderun's Mystic Blast
  8806 | D:6      | Killed Prince Ribbit
  8807 | D:6      | Reached skill level 5 in Shields
  8807 | D:6      | Reached skill level 1 in Translocations
  8807 | D:6      | Reached skill level 1 in Evocations
  8952 | D:7      | Reached skill level 1 in Invocations
  9181 | D:7      | Noticed Maggie
  9347 | D:8      | Noticed a two-headed ogre
  9651 | D:8      | Killed a two-headed ogre
  9652 | D:8      | Reached skill level 5 in Conjurations
  9652 | D:8      | Reached XP level 10. HP: 49/49 MP: 12/12
 10633 | D:7      | Found a shimmering blue altar of Sif Muna.
 11621 | D:7      | Found a shimmering blue altar of Sif Muna.
 12203 | D:7      | Killed Maggie
 12839 | D:8      | Found Zuipif's Changing Room.
 12895 | D:7      | Reached skill level 5 in Translocations
 13484 | D:8      | Reached ***** piety under Elyvilon
 13737 | D:8      | Found a stormy altar of Qazlal.
 13836 | D:8      | Reached skill level 5 in Evocations
 13944 | D:8      | Found Jewn's Magic Scroll Emporium.
 13947 | D:8      | Bought a scroll of blinking for 105 gold pieces
 13948 | D:8      | Bought a scroll of identify for 28 gold pieces
 13948 | D:8      | Bought a scroll of identify for 28 gold pieces
 13948 | D:8      | Bought a scroll of identify for 28 gold pieces
 13948 | D:8      | Bought a scroll of identify for 28 gold pieces
 13952 | D:8      | Bought a scroll of amnesia for 49 gold pieces
 13952 | D:8      | Bought a scroll of enchant weapon for 105 gold pieces
 14091 | D:9      | Found a staircase to the Orcish Mines.
 14617 | D:9      | Found a sparkling altar of Nemelex Xobeh.
 14626 | D:9      | Noticed a two-headed ogre
 14759 | D:9      | Killed a two-headed ogre
 14760 | D:9      | Reached XP level 11. HP: 53/53 MP: 15/15
 15389 | D:9      | Noticed a deep elf pyromancer
 15801 | D:9      | Killed a deep elf pyromancer
 16260 | D:10     | Entered Level 10 of the Dungeon
 16314 | D:10     | Noticed a two-headed ogre
 16521 | D:9      | Killed a two-headed ogre
 16657 | D:10     | Found Ludar's Armour Shoppe.
 16665 | D:10     | Noticed Erica
 17668 | D:10     | Killed Erica
 17769 | D:10     | Found a staircase to the Lair.
 17801 | D:10     | Reached skill level 1 in Spellcasting
 17801 | D:10     | Reached skill level 10 in Translocations
 17918 | D:10     | Noticed Josephine
 17966 | Lair:1   | Entered Level 1 of the Lair of Beasts
 17969 | Lair:1   | Identified a scroll of acquirement
 17999 | Lair:1   | Found a runed translucent gate.
 17999 | Lair:1   | Found a runed translucent gate.
 18003 | Lair:1   | Found a runed translucent gate.
 18157 | Lair:1   | Noticed a minotaur
 18161 | Lair:1   | Noticed DemonSlayer's ghost (journeyman HOBe)
 18903 | Lair:1   | Noticed a four-headed hydra
 18912 | Lair:1   | Killed a four-headed hydra
 18913 | Lair:1   | Reached skill level 5 in Spellcasting
 18931 | Lair:1   | Reached XP level 12. HP: 38/58 MP: 20/20
 19162 | Lair:1   | Noticed an eight-headed hydra
 19203 | Lair:1   | Killed an eight-headed hydra
 19204 | Lair:1   | Reached skill level 5 in Invocations
 20236 | Lair:1   | Noticed a four-headed hydra
 20291 | Lair:1   | Killed a one-headed hydra
 22216 | Lair:2   | Noticed a five-headed hydra
 22355 | Lair:2   | Killed a five-headed hydra
 22905 | Orc:1    | Entered Level 1 of the Orcish Mines
 23144 | Orc:1    | Found Xyolof's Jewellery Emporium.
 23324 | Orc:2    | Entered Level 2 of the Orcish Mines
 23418 | Orc:2    | Noticed Urug
 23436 | Orc:2    | Killed Urug
 24017 | Orc:2    | Found Zimeel Suux's Antique Weapon Boutique.
 24035 | Orc:2    | Noticed a two-headed ogre
 24055 | Orc:2    | Noticed a two-headed ogre
 24055 | Orc:2    | Noticed a two-headed ogre
 24055 | Orc:2    | Noticed a two-headed ogre
 24055 | Orc:2    | Noticed a two-headed ogre
 24055 | Orc:2    | Noticed a two-headed ogre
 24055 | Orc:2    | Noticed a two-headed ogre
 24056 | Orc:2    | Noticed an ogre mage
 24056 | Orc:2    | Noticed an ogre mage
 24058 | Orc:2    | Noticed a two-headed ogre
 24058 | Orc:2    | Noticed a two-headed ogre
 24061 | Orc:2    | Noticed a two-headed ogre
 24061 | Orc:2    | Noticed an ogre mage
 24109 | Orc:1    | Learned a level 5 spell: Summon Forest
 24228 | Orc:2    | Killed a two-headed ogre
 24316 | Orc:2    | Killed a two-headed ogre
 24317 | Orc:2    | Reached skill level 1 in Summonings
 24594 | Orc:2    | Killed a two-headed ogre
 24595 | Orc:2    | Reached XP level 13. HP: 38/63 MP: 12/27
 24765 | Orc:2    | Reached skill level 10 in Spellcasting
 26354 | Orc:2    | Reached skill level 5 in Fighting
 27432 | Orc:2    | Reached skill level 5 in Summonings
 27829 | Orc:2    | Found Puylyerph's Book Boutique.
 27829 | Orc:2    | Found Toll's Antique Weapon Emporium.
 27830 | Orc:2    | Found Jer Uca's General Store.
 27830 | Orc:2    | Found Reog's Distillery.
 27885 | Orc:2    | Found a staircase to the Elven Halls.
 28031 | Orc:2    | Acquired a +5 rapier of speed
 29540 | Lair:3   | Reached skill level 5 in Short Blades
 29609 | Lair:3   | Found a hole to the Spider Nest.
 30969 | Lair:3   | Reached XP level 14. HP: 70/70 MP: 29/29
 31053 | Lair:4   | Reached ****** piety under Elyvilon
 31663 | Lair:4   | Identified the +3 rapier "Wejir" {flame, Str+7}
 31930 | Lair:4   | You fall into a shaft and drop 2 floors!
 31930 | Lair:6   | Entered Level 6 of the Lair of Beasts
 32456 | Lair:6   | Found a staircase to the Slime Pits.
 32753 | Lair:5   | Reached skill level 10 in Short Blades
 33096 | Lair:5   | You fall into a shaft and drop 1 floor!
 33430 | Lair:4   | Found a staircase to the Swamp.
 33735 | Spider:1 | Entered Level 1 of the Spider Nest
 35611 | Lair:6   | Reached XP level 15. HP: 64/78 MP: 30/30
 37146 | Slime:1  | Entered Level 1 of the Pits of Slime
 37549 | Slime:1  | Gained mutation: Your spells are a little easier to cast,
                  | but a little less powerful. [a shining eye]
 37629 | Lair:6   | Gained mutation: A frigid envelope surrounds you and
                  | freezes all who hurt you. [potion of mutation]
 37999 | Orc:1    | Found Xuov's Antique Weapon Emporium.
 38559 | Orc:1    | Found Ybokucleac's Weapon Shop.
 38562 | Orc:1    | Bought a glowing hunting sling for 157 gold pieces
 38880 | Swamp:1  | Entered Level 1 of the Swamp
 39427 | D:10     | Found Ludar's Armour Shoppe.
 39669 | D:10     | Found a staircase to the Lair.
 39947 | D:10     | Killed Josephine
 40270 | D:11     | Noticed Snorg
 40406 | D:11     | Noticed Sonja
 40423 | D:11     | Killed Sonja
 40680 | D:11     | Killed Snorg
 40742 | D:11     | Found a runed translucent gate.
 40742 | D:11     | Found a runed translucent gate.
 40742 | D:11     | Found an opulent altar of Gozag.
 40743 | D:11     | Found a runed translucent gate.
 40743 | D:11     | Noticed illway's ghost (journeyman MiBe)
 41409 | D:12     | Noticed Psyche
 41414 | D:12     | Killed Psyche
 41982 | D:12     | Found a portal to a secret trove of treasure.
 42659 | D:12     | Noticed Rupert
 42749 | D:12     | Killed Rupert
 42750 | D:12     | Reached skill level 10 in Fighting
 43022 | D:12     | Noticed Gastronok
 43087 | D:12     | Killed Gastronok
 44078 | D:13     | Found Nulisi Unibb's Antique Weapon Boutique.
 44086 | D:13     | Bought a glowing fustibalus for 558 gold pieces
 44430 | D:13     | Noticed Jorgrun
 44453 | D:13     | Killed Jorgrun
 45260 | D:14     | Reached XP level 16. HP: 68/87 MP: 22/31
 46273 | D:14     | Found a gate to the Vaults.
 46689 | D:14     | Reached skill level 1 in Armour
 47017 | D:14     | Reached skill level 1 in Slings
 47473 | D:11     | Killed illway's ghost
 48063 | D:15     | Entered Level 15 of the Dungeon
 48383 | D:15     | Found an ancient bone altar of Kikubaaqudgha.
 48688 | D:15     | Reached skill level 5 in Slings
 48769 | D:15     | Got the Almanac of Dislocated Confrontation
 49895 | D:15     | Found a staircase to the Depths.
 50072 | Depths:1 | Entered Level 1 of the Depths
 50585 | Swamp:1  | Reached skill level 6 in Dodging
 50715 | Swamp:1  | Reached skill level 7 in Dodging
 50888 | Swamp:1  | Noticed Roxanne
 51494 | Swamp:2  | Reached skill level 8 in Dodging
 51657 | Swamp:2  | Reached skill level 9 in Dodging
 52110 | Swamp:2  | Reached skill level 10 in Dodging
 53239 | Swamp:3  | Found an ancient bone altar of Kikubaaqudgha.
 53356 | Swamp:3  | Reached skill level 11 in Dodging
 53881 | Swamp:3  | Reached XP level 17. HP: 93/93 MP: 26/32
 54557 | Swamp:3  | Reached skill level 12 in Dodging
 55760 | Swamp:4  | Entered Level 4 of the Swamp
 56725 | Swamp:4  | Reached skill level 13 in Dodging
 57756 | Swamp:4  | Reached skill level 10 in Evocations
 58863 | Swamp:3  | Found an ancient bone altar of Kikubaaqudgha.
 59651 | Swamp:4  | Reached skill level 14 in Dodging
 61601 | Spider:2 | You fall into a shaft and drop 1 floor!
 62005 | Spider:2 | Reached skill level 15 in Dodging
 62757 | Spider:2 | Reached XP level 18. HP: 98/98 MP: 27/33
 63422 | Spider:2 | Reached skill level 16 in Dodging
 63736 | Spider:2 | HP: 3/98 [poisoned by a wolf spider]
 66070 | Spider:3 | Noticed Azrael
 66143 | Spider:3 | Killed Azrael
 66169 | Spider:3 | Reached skill level 17 in Dodging
 67524 | Spider:3 | Reached skill level 18 in Dodging
 67688 | Spider:3 | Noticed Arachne
 68103 | Spider:3 | Killed Arachne
 68505 | Spider:4 | Entered Level 4 of the Spider Nest
 69320 | Spider:4 | Reached skill level 19 in Dodging
 70679 | Spider:4 | Got a gossamer rune of Zot
 70814 | Lair:3   | Upgraded the game from 0.27.1-4-g1640c2035a to
                  | 0.27.1-15-g792fb953b9
 70957 | Swamp:1  | Killed Roxanne
 71297 | D:6      | Found an opulent altar of Gozag.
 71302 | D:6      | Found an opulent altar of Gozag.
 71307 | D:6      | Found an opulent altar of Gozag.
 71314 | D:6      | Found an opulent altar of Gozag.
 71511 | D:6      | Killed Menkaure
 72962 | D:15     | Reached skill level 20 in Dodging
 73037 | Vaults:1 | Entered Level 1 of the Vaults
 73254 | Vaults:1 | You fall into a shaft and drop 1 floor!
 73743 | Vaults:1 | Reached XP level 19. HP: 77/102 MP: 28/34
 74528 | Vaults:1 | Found Vowaory's Jewellery Shoppe.
 74724 | D:10     | Bought the +3 warlock's mirror {reflect} for 440 gold
                  | pieces
 74724 | D:10     | Found the +3 warlock's mirror {reflect}
 74910 | Temple   | Entered the Ecumenical Temple
 75507 | Vaults:1 | Noticed Donald
 75512 | Vaults:1 | Killed Donald
 75889 | Vaults:1 | Acquired 1013 gold pieces
 76481 | Vaults:2 | Reached skill level 15 in Stealth
 79587 | Vaults:2 | Identified the +3 scimitar of Abomination {freeze, Stlth+}
 80085 | Vaults:3 | Noticed Sojobo
 81198 | Vaults:3 | Found a staircase to the Crypt.
 82146 | Vaults:2 | Reached skill level 5 in Armour
 83065 | Vaults:2 | Killed Sojobo
 83066 | Vaults:2 | Reached XP level 20. HP: 44/110 MP: 18/35
 83792 | Vaults:3 | Found a runed translucent gate.
 83792 | Vaults:3 | Found a runed translucent gate.
 83792 | Vaults:3 | Found a runed translucent gate.
 83792 | Vaults:3 | Noticed Sianeop's ghost (adept GrFi)
 84521 | Lair:1   | Killed DemonSlayer's ghost
 85410 | Swamp:4  | Got a decaying rune of Zot
 85891 | D:15     | Reached skill level 10 in Armour
 86697 | Temple   | Fell from the grace of Elyvilon
 86697 | Temple   | Became a worshipper of Warmaster Okawaru
 88284 | Depths:1 | Reached * piety under Okawaru
 88458 | Depths:1 | Found a gateway to Hell.
 89281 | Depths:1 | Found a shimmering altar of Xom.
 89281 | Depths:1 | Found a shimmering altar of Xom.
 89283 | Depths:1 | Found a shimmering altar of Xom.
 89284 | Depths:1 | Found a shimmering altar of Xom.
 89958 | Depths:1 | Found a one-way gate leading to the halls of Pandemonium.
 90095 | Depths:1 | Learned a level 6 spell: Dispersal
 90097 | Depths:1 | Learned a level 1 spell: Apportation
 90101 | Depths:1 | Learned a level 3 spell: Portal Projectile
 90105 | Depths:1 | Learned a level 3 spell: Tukima's Dance
 90111 | Hell     | Entered the Vestibule of Hell
 90111 | Hell     | Noticed Geryon
 90189 | Depths:1 | Reached skill level 1 in Long Blades
 90397 | Hell     | Reached ** piety under Okawaru
 90403 | Hell     | Reached skill level 10 in Slings
 90408 | Hell     | Killed Geryon
 90443 | Hell     | Reached *** piety under Okawaru
 91196 | Orc:2    | Bought a potion of heal wounds for 85 gold pieces
 91196 | Orc:2    | Bought a potion of heal wounds for 85 gold pieces
 91196 | Orc:2    | Bought a potion of heal wounds for 85 gold pieces
 91375 | D:12     | You paid a toll of the horn of Geryon to enter a treasure
                  | trove
 91376 | Trove    | Entered a treasure trove
 91387 | Trove    | Got Sif Muna's Catalogue of Hurtful Toxins
 91405 | Trove    | Got the Papyrus of the Unstable Birds
 91408 | Trove    | Got the Papyrus of the Dark Snowflakes
 91435 | Trove    | Got the Handbook of Attacks
 91478 | D:12     | Learned a level 2 spell: Blink
 91484 | D:12     | Learned a level 5 spell: Manifold Assault
 91488 | D:12     | Learned a level 3 spell: Confusing Touch
 92983 | Depths:2 | Noticed Nikola
 93329 | Depths:2 | Killed Nikola
 93776 | Depths:1 | Found a one-way gate leading to the halls of Pandemonium.
 93804 | Depths:1 | Found a shimmering altar of Xom.
 93804 | Depths:1 | Found a shimmering altar of Xom.
 93806 | Depths:1 | Found a shimmering altar of Xom.
 93807 | Depths:1 | Found a shimmering altar of Xom.
 93996 | Depths:1 | Found a gateway to Hell.
 95020 | Depths:1 | HP: 4/112 [hell knight/bolt of fire (30)]
 95460 | Depths:1 | Found a one-way gate leading to the halls of Pandemonium.
 95488 | Depths:1 | Found a shimmering altar of Xom.
 95488 | Depths:1 | Found a shimmering altar of Xom.
 95490 | Depths:1 | Found a shimmering altar of Xom.
 95491 | Depths:1 | Found a shimmering altar of Xom.
 95828 | Depths:1 | Found a gateway to Hell.
 96302 | Crypt:1  | Entered Level 1 of the Crypt
 97418 | Vaults:3 | Found a staircase to the Crypt.
 97671 | Vaults:3 | Received a gift from Okawaru
 98027 | Depths:2 | Killed from afar by a fire giant

Illustrated notes

Levels and vault maps discovered:
D:1:      dpeg_arrival_arbitrary_b, layout_basic,
          ebering_ecumenical_altar_petrified
D:2:      layout_basic, basic_altar, uniq_terence
D:3:      layout_loops_cross, mainiacjoe_overflow_tiny_flanked
D:4:      layout_loops_corners, lemuel_mausoleum_altar_yredelemnul,
          elyvilon_altar_4, minmay_temple_entry_butterflies, uniq_edmund
D:5:      layout_cave_pools, gammafunk_temple_overflow_elements,
          nicolae_wu_jian_wuxing_cycle, uniq_crazy_yiuf_cottage
D:6:      layout_rooms, nicolae_gozag_conspicuous_consumption,
          nicolae_ossuary_entry_giza, gup_sewer_entry_bowl,
          grunt_decor_fettered, nrook_mini_vaults,
          amcnicky_mini_rare_corridor_liquid, kennysheep_generic_room_10,
          uniq_menkaure, uniq_pikel, uniq_prince_ribbit1, uniq_eustachio
D:7:      layout_basic, lemuel_round_altar, hangedman_misty_isle, uniq_maggie
D:8:      layout_basic, nicolae_qazlal_eye_of_the_storm, serial_shops,
          nicolae_shop_behind_doors, nicolae_transmutations_shop
D:9:      layout_cave_pools, mainiacjoe_overflow_catwalk, david_orc_3,
          nicolae_looking_at_the_future
D:10:     layout_loops_ring, david_lair_shrubbed, serial_shops,
          nicolae_diamond_shop, uniq_erica, uniq_josephine
D:11:     layout_basic, ebering_ghost_gozag, uniq_snorg, uniq_sonja
D:12:     minmay_open_boxes_in_corner, layout_long_grid,
          nicolae_trove_entry_path_of_doom, elves_outpost_lemuel,
          uniq_gastronok, uniq_psyche, uniq_rupert
D:13:     layout_loops_cross, serial_shops, shop, kennysheep_island_fort,
          uniq_jorgrun
D:14:     layout_grid_maze, skrybe_vaults_entry_preservation,
          minmay_misc_feat_alley, hangedman_abyss_or_decor_passed
D:15:     gammafunk_enter_depths_forms, layout_long_grid,
          kiku_gazebo_pond_becter
Temple:   minmay_temple_bridge_abc
Lair:1:   layout_cave_pods, gauntlet_entry_generic,
          maelrawn_ghost_gauntlet_escape, amcnicky_mini_pool_medium
Lair:2:   layout_cave_shapes, eino_house_with_fridge, serial_bayou_shore_b,
          lemuel_fruit_fields
Lair:3:   layout_cave_pods, nicolae_spider_entry_non_spiders, wad_woods_01,
          lemuel_fruit_tree, grunt_megastairs_1, infiniplex_staircase_pool,
          serial_bayou_shore_b
Lair:4:   layout_gridlike, palyth_hydra_swamp_entry
Lair:5:   layout_cave_pods
Lair:6:   evilmike_catoblepas_cave, layout_layer_cave, dpeg_slime_entry_corner,
          fungi_pond_lemuel, grunt_megastairs_2
Swamp:1:  layout_falls_marsh, evilmike_swamp_ruin_house_6,
          nicolae_swamp_necromancy_gone_wrong, uniq_roxanne
Swamp:2:  layout_basic_swamp, hangedman_swamp_ruin_wall,
          nicolae_swamp_some_circles
Swamp:3:  nicolae_swamp_phyte_club, layout_basic_swamp, nicolae_swamp_godswood,
          swamp_pool5
Swamp:4:  swamp_basic_johnstein, layout_basic_swamp
Spider:1: layout_spider_delve, hangedman_spider_tarantella_strand
Spider:2: layout_chambers, drop_trap
Spider:3: layout_spider_delve, special_room, nicolae_arachne_temple, uniq_azrael
Spider:4: grunt_spider_rune_circles
Slime:1:  layout_caves
Orc:1:    layout_caves, serial_shops, nicolae_shop_competitors_out_of_business,
          shop, nicolae_shop_waterfront
Orc:2:    st_orc_ogre_mass, layout_caves, serial_shops, shop, uniq_urug
Vaults:1: vaults_dpeg_encased_lava, nicolae_vaults_quadrants, serial_ice_h,
          vaults_dpeg_spiral, vaults_room_ringed_pool, grunt_vaults_focal,
          ontoclasm_vaults_bender, nicolae_vaults_rhombus_6,
          nicolae_vaults_hallways_thing, v_misc_26, hangedman_vaults_capsules,
          nicolae_vaults_angled_halls, vaults_dpeg_diagonal,
          vaults_room_door_ring, layout_vaults_ring, serial_shops, shop,
          uniq_donald
Vaults:2: st_cross, grunt_vaults_diagonal, vaults_room_pools, v_pattern_4,
          ontoclasm_vaults_ligature, nicolae_vaults_little_squares_6,
          vaults_standard_mumra_enter_the_diamond, vaults_mumra_hex,
          layout_vaults_omnigrid
Vaults:3: gammafunk_vaults_ghost_necromancy, minmay_crypt_entry_vampire_xt,
          nicolae_vaults_alarming, v_misc_17, vaults_room_fours,
          v_alt_pattern_4, vaults_dpeg_hooks, vaults_dpeg_cross, v_rooms_6,
          grunt_vaults_trifunnel, nicolae_vaults_murderbox,
          nicolae_vaults_shelves_hall, layout_vaults_big_room, uniq_margery,
          uniq_sojobo
Crypt:1:  layout_rooms, basic_altar, lemuel_nasty_fountain
Depths:1: layout_forbidden_donut, minmay_misc_feat_ornament,
          grunt_mini_vestibule, rand_demon_pan_entry_8, minmay_liquid_box,
          xom_redecorated
Depths:2: minmay_the_grid_octo_tiled_octocenter
          [minmay_the_grid_octo_vomiting_pacman,
          minmay_the_grid_octo_fan_narrow, minmay_the_grid_octo_focus,
          minmay_the_grid_octo_teeth, minmay_the_grid_octo_prize_single_spiral,
          minmay_the_grid_square_5x5_doubleslash,
          minmay_the_grid_square_5x5_checkered_statues,
          minmay_the_grid_square_5x5_tie, minmay_the_grid_square_5x5_bracketed],
          layout_basic, hell_entry, serial_sigils, serial_sigils_hangedman_scar,
          serial_sigils_hangedman_writhe, serial_sigils_hangedman_leer,
          serial_sigils_hangedman_gut, serial_sigils_hangedman_quiver,
          minmay_alternating_orb, uniq_nikola, uniq_saint_roka
Hell

Skill      XL: |  1  2  3  4  5  6  7  8  9 10 11 12 13 14 15 16 17 18 19 20 |
---------------+-------------------------------------------------------------+-----
Dodging        | 3 4 5 11 15 20 | 20.1
Short Blades   | 3 4 6 11 14 | 14.0
Stealth        | 8 9 10 11 15 | 15.0
Shields        | 1 2 3 4 5 7 |  7.2
Fighting       | 3 4 6 8 11 12 13 14 | 14.7
Hexes          | 2 3 5 7 |  7.0
Conjurations   | 1 2 3 5 7 8 9 |  9.0
Translocations | 3 7 10 12 13 | 13.0
Evocations     | 2 5 6 12 | 12.0
Invocations    | 2 4 5 |  5.0
Spellcasting   | 5 9 10 | 10.0
Summonings     | 1 6 |  6.0
Armour         | 2 7 10 | 10.0
Slings         | 8 10 | 10.8
Long Blades    | 3 |  3.7

Action                   |  1- 3 |  4- 6 |  7- 9 | 10-12 | 13-15 | 16-18 | 19-21 || total
-------------------------+-------+-------+-------+-------+-------+-------+-------++-------
Melee: Short sword       |    41 |       |       |       |       |       |       ||    41
       Dagger            |    74 |   147 |   659 |  1079 |   238 |       |       ||  2197
       Rapier            |       |       |       |     8 |  1335 |  2635 |  1686 ||  5664
       Scimitar          |       |       |       |    22 |       |       |       ||    22
       Demon blade       |       |       |       |       |       |       |   148 ||   148
 Fire: Hunting sling     |       |       |       |    32 |     8 |       |       ||    40
       Fustibalus        |       |       |       |       |       |   171 |   507 ||   678
Throw: Dart              |       |    11 |     9 |    55 |    39 |     7 |    16 ||   137
       Boomerang         |       |       |       |       |     4 |       |       ||     4
 Cast: Dazzling Flash    |       |       |       |    74 |   248 |   131 |   102 ||   555
       Iskenderun's Myst |       |       |       |    31 |    84 |    91 |    48 ||   254
       Summon Forest     |       |       |       |       |    16 |    57 |    27 ||   100
       Manifold Assault  |       |       |       |       |       |       |     5 ||     5
       Tukima's Dance    |       |       |       |       |       |       |     3 ||     3
       Confusing Touch   |       |       |       |       |       |       |     2 ||     2
       Portal Projectile |       |       |       |       |       |       |     2 ||     2
       Blink             |       |       |       |       |       |       |     1 ||     1
Invok: Lesser Healing    |       |       |     3 |     3 |     2 |     1 |       ||     9
       Greater Healing   |       |       |       |     9 |     6 |    20 |    12 ||    47
       Purification      |       |       |       |       |     1 |     3 |       ||     4
       Heroism           |       |       |       |       |       |       |     4 ||     4
Evoke: Wand              |       |       |    16 |    18 |    13 |    24 |    20 ||    91
       Tin of tremorston |       |       |       |       |       |     1 |     2 ||     3
  Use: Scroll            |       |       |     5 |    11 |    13 |     9 |    15 ||    53
       Potion            |       |       |     3 |     2 |     2 |     9 |    20 ||    36
 Stab: Sleeping          |    15 |    20 |    34 |    17 |    26 |    29 |    27 ||   168
       Distracted        |       |     1 |     4 |     3 |    14 |    33 |    19 ||    74
       Invisible         |       |       |     1 |    41 |   165 |    76 |    59 ||   342
       Confused          |       |       |       |       |       |       |     3 ||     3
Armor: Robe              |    22 |    12 |    87 |    12 |       |       |       ||   133
       Acid dragon scale |       |       |       |   142 |   102 |    57 |       ||   301
       Swamp dragon scal |       |       |       |       |       |   106 |   102 ||   208
Dodge: Dodged            |    87 |    62 |   394 |   804 |   797 |  1382 |   841 ||  4367
Block: Buckler           |     3 |    23 |   215 |   383 |   405 |   749 |   477 ||  2255
       Reflection        |       |       |       |       |       |    10 |    61 ||    71
       Rpst.: Scimitar   |       |       |       |     6 |       |       |       ||     6
       Demon blade       |       |       |       |       |       |       |    22 ||    22
